 Dungeon Crawl Stone Soup version 0.28.0-45-g0d030f2227 (webtiles) character file.

Game seed: 17568499702985605684

941 asdf14731 the Ruffian (level 7, 0/70 HPs)
             Began as a Troll Fighter on May 3, 2022.
             Was an Initiate of Qazlal.
             Succumbed to a kobold brigand's poison
             ... on level 5 of the Dungeon.
             The game lasted 00:16:03 (4886 turns).

asdf14731 the Ruffian (Troll Fighter)               Turns: 4886, Time: 00:16:04

Health: 0/70       AC:  4    Str: 33    XL:     7   Next: 88%
Magic:  6/6        EV:  9    Int:  4    God:    Qazlal [......]
Gold:   191        SH:  7    Dex:  9    Spells: 6/6 levels left

rFire   . . .      SeeInvis .     - Unarmed
rCold   . . .      Faith    .   b - +0 kite shield
rNeg    . . .      Spirit   .   a - +0 robe
rPois   .          Reflect  .   (helmet restricted)
rElec   .          Harm     .   (no cloak)
rCorr   .          Rampage  .   (gloves unavailable)
Will    .....                   (boots unavailable)
Stlth   +.........              (no amulet)
HPRegen 1.01/turn               w - +6 ring of strength
MPRegen 0.10/turn               (no ring)

@: lethally poisoned (0 -> -2)
A: large, unfitting armour, claws 3, regeneration 1, shaggy fur 1, tough skin 1
a: Renounce Religion


You were on level 5 of the Dungeon.
You worshipped Qazlal.
Qazlal was noncommittal.
You visited 2 branches of the dungeon, and saw 7 of its levels.

You collected 191 gold pieces.

Inventory:

Missiles
 n - 25 bolts
 o - a throwing net (quivered)
Armour
 a - a +0 robe (worn)
 b - a +0 kite shield (worn)
 m - a +0 robe
Jewellery
 f - an amulet of the acrobat
 h - a ring of wizardry
 w - a +6 ring of strength (left claw)
Wands
 s - a wand of paralysis (10)
Scrolls
 d - 2 scrolls of noise {unknown}
 j - a scroll of teleportation {unknown}
 l - a scroll of silence {unknown}
 q - a scroll of brand weapon {unknown}
 r - 2 scrolls of fog {unknown}
 u - a scroll of blinking {unknown}
 v - a scroll of summoning {unknown}
 x - a scroll of identify {unknown}
Potions
 c - a potion of might
 e - a potion of mutation {unknown}
 g - a potion of flight {unknown}
 i - 2 potions of curing {unknown}
 k - 2 potions of degeneration {unknown}
 p - a potion of cancellation {unknown}
 t - a potion of invisibility {unknown}


   Skills:
 + Level 4.1 Fighting
 + Level 4.1 Dodging
 + Level 4.1 Shields
 * Level 5.9 Unarmed Combat


You had 6 spell levels left.
You didn't know any spells.
Your spell library contained the following spells:

 Spells                   Type           Power      Damage    Failure   Level
 Animate Skeleton         Necr           0%         N/A       78%         1
 Apportation              Tloc           0%         N/A       78%         1
 Summon Small Mammal      Summ           0%         N/A       78%         1
 Corpse Rot               Necr/Air       0%         N/A       89%         2
 Poisonous Vapours        Pois/Air       0%         N/A       89%         2


Dungeon Overview and Level Annotations

Branches:
Dungeon (6/15)             Temple (1/1) D:4

Altars:
Ashenzari
Cheibriados
Dithmenos
Elyvilon
Fedhas
Hepliaklqana
Kikubaaqudgha
Makhleb
Okawaru
Qazlal
Uskayaw
Wu Jian
Yredelemnul
Zin
The Shining One


Innate Abilities, Weirdness & Mutations

You are too large for most types of armour.
You have claws for hands.
Your natural rate of healing is unusually fast.
You are covered in fur. (AC +1)
You have tough skin. (AC +1)


Message History

The kobold hits you with a +1 whip of venom.
You are more poisoned.
The kobold brigand hits you with a +0 short sword.
The kobold hits you with a +0 short sword.
You feel very sick. The kobold closely misses you.
There is a stone staircase leading up here.
You can't go down here!
Unknown command.
You feel very sick. The kobold barely misses you.
The kobold brigand hits you with a +0 short sword!
* * * LOW HITPOINT WARNING * * *
You block the kobold's attack.
You climb upwards.
You feel very sick.
There is a stone staircase leading down here.
You feel very sick.
You feel sick.
You feel sick.
You feel sick.
You feel sick.
You feel sick.
The kobold brigand throws a poisoned dart.
You block the poisoned dart.
You feel sick.
The kobold brigand throws a poisoned dart.
The poisoned dart hits you!
You are more poisoned.
You feel sick.
The kobold brigand throws a poisoned dart.
The poisoned dart hits you!
You are lethally poisoned!
* * * LOW HITPOINT WARNING * * *
You feel very sick.
* * * LOW HITPOINT WARNING * * *
You feel very sick.
* * * LOW HITPOINT WARNING * * *
You feel very sick.
You die...

......##....# #.........#.....
......##....# #...............
......##...<######..........#####
......##.....................####
............######..............#
......##.......(##.........#.##..
............###....#.##.####.##..
......#.....######......####.....
......#.........@.##.##..#.......
......###########....##.K..##..♣♣
.....## #..#####>.......♣ ≈≈...#
#..#####K.###.♣.. ≈≈≈..#
#......KK..##.♣♣. ♣≈≈..#
###.....####....... ≈≈≈..#
###(...##.........♣♣. ≈≈...♣
#####...#.########....♣.. ....♣♣
#..................#....♣


There were no monsters in sight!

Vanquished Creatures
  An ice beast (D:5)
  An ogre (D:4)
  2 necrophages (D:4)
  A scorpion (D:4)
  A centaur zombie (D:3)
  A jelly (D:5)
  2 orc priests (D:3)
  2 hounds (D:5)
  Natasha (D:2)
  Terence (D:3)
  An orc wizard (D:4)
  2 iguanas
  2 hound skeletons
  A gnoll (D:3)
  2 river rats (D:5)
  9 adders
  4 worms
  4 dart slugs
  14 orcs
  6 endoplasms
  3 giant cockroaches
  5 goblins
  5 hobgoblins
  9 jackals
  2 quokkas
  7 ball pythons
  3 bats
  2 frilled lizards
  5 kobolds
  4 rats
103 creatures vanquished.

Notes
Turn   | Place    | Note
-------+----------+-------------------------------------------
     0 | D:1      | asdf14731 the Troll Fighter began the quest for the Orb.
     0 | D:1      | Reached XP level 1. HP: 22/22 MP: 0/0
   289 | D:1      | Reached XP level 2. HP: 29/29 MP: 1/1
  1058 | D:2      | Reached XP level 3. HP: 34/36 MP: 2/2
  1194 | D:2      | Reached skill level 3 in Unarmed Combat
  1202 | D:2      | Reached XP level 4. HP: 5/44 MP: 3/3
  1204 | D:2      | HP: 2/44 [poisoned by an adder]
  1277 | D:2      | Noticed Natasha
  1286 | D:2      | Killed Natasha
  2228 | D:3      | Reached XP level 5. HP: 53/53 MP: 4/4
  2415 | D:3      | Noticed Terence
  2434 | D:3      | Killed Terence
  2486 | D:3      | Found a faded altar of an unknown god.
  2671 | D:3      | Reached skill level 4 in Unarmed Combat
  2683 | D:3      | Reached XP level 6. HP: 57/61 MP: 5/5
  3042 | D:4      | Found a staircase to the Ecumenical Temple.
  3270 | D:4      | Found a snail-covered altar of Cheibriados.
  3719 | D:4      | Reached skill level 5 in Unarmed Combat
  3719 | D:4      | Reached XP level 7. HP: 60/68 MP: 6/6
  4099 | D:5      | Entered Level 5 of the Dungeon
  4153 | D:5      | Found a blossoming altar of Fedhas.
  4168 | D:5      | Found an iron altar of Okawaru.
  4256 | D:5      | Noticed a +0 hand axe
  4258 | D:5      | Noticed a +0 hand axe
  4260 | D:5      | Found a hide-covered altar of Uskayaw.
  4314 | D:5      | Found a white marble altar of Elyvilon.
  4570 | D:5      | Found a glowing drain.
  4685 | Temple   | Entered the Ecumenical Temple
  4754 | Temple   | Became a worshipper of Qazlal Stormbringer
  4884 | D:5      | HP: 3/70 [poisoned by a kobold brigand]
  4885 | D:5      | HP: 1/70 [poisoned by a kobold brigand]
  4886 | D:5      | Succumbed to a kobold brigand's poison

Illustrated notes

Levels and vault maps discovered:
D:1:      minmay_arrival_five_plusses, layout_basic
D:2:      layout_basic, uniq_natasha
D:3:      layout_loops_cross, nicolae_ecumenical_snake_handling,
          grunt_ministairs_8, minivault_26, minmay_close_crescents, uniq_terence
D:4:      layout_gridville, overflow_temple_1_default,
          minmay_temple_entry_mini_moons
D:5:      layout_rooms, mainiacjoe_overflow_concentric_impassable,
          elyvilon_altar_3, dancing_weapons_uskayaw,
          mainiacjoe_overflow_small_starburst, lightli_sewer_entry_pipes
D:6:      layout_basic, nemelex_dance_club_becter, xom_redecorated,
          serial_shops, nicolae_shop_trees, uniq_pikel
Temple:   zaba_magenta_temple

Skill      XL: |  1  2  3  4  5  6  7 |
---------------+----------------------+-----
Unarmed Combat | 3 4 5 |  5.9
Shields        | 3 4 |  4.1
Fighting       | 3 4 |  4.1
Dodging        | 3 4 |  4.1

Action                   |  1- 3 |  4- 6 |  7- 9 || total
-------------------------+-------+-------+-------++-------
Melee: Unarmed           |    73 |   198 |    66 ||   337
Throw: Throwing net      |       |       |     1 ||     1
 Stab: Sleeping          |     1 |       |       ||     1
Armor: Robe              |    21 |    39 |    10 ||    70
Dodge: Dodged            |    22 |    69 |    24 ||   115
Block: Kite shield       |    22 |    68 |    24 ||   114
